AoeStats
← adolfo_jay

Arena

506890388Analyzed
4v4 RM · 17d ago on Sep 15, 2026· 43m 50s· 8 players
Game mode
Random Map
Map size
Large (8 player)
Population
200
Speed
Normal
Resources
Standard
Victory
Conquest
Starting age
Dark Age
Ending age
Imperial Age
RankedLock teamsTeams togetherTeam positionsShared explorationLock speedFull tech treeHidden civsTurbo modeCheats
Victory
Defeat
🇹🇷 Chinese · Türkiye
1079
+15
🇪🇪 Hindustanis · Estonia
1068
+16
🇳🇱 Malians · Netherlands
1052
+16
🇩🇪 Khmer · Germany
1031
+17
🇺🇸 Franks · United States
1129
-18
🇦🇷 Magyars · Argentina
1074
-17
🇺🇸 Aztecs · United States
1029
-15
🇦🇷 Spanish · Argentina
1014
-14
maxokol
10:03 Feudal Age
14:19 Castle Age
13:05 Double-Bit Axe
13:22 Horse Collar
14:13 Scale Barding Armor
15:27 Loom
17:50 Bloodlines
18:45 Town Watch
18:49 Light Cavalry
24:15 Chain Barding Armor
25:05 Forging
28:07 Iron Casting
28:10 Devotion
29:50 Heavy Plow
31:29 Herbal Medicine
34:15 Imperial Age
31:48 Fletching
35:26 Conscription
34:55 Heavy Camel Rider
36:46 Bodkin Arrow
37:53 Hoardings
37:47 Scale Mail Armor
38:36 Ballistics
40:58 Chemistry
42:13 Siege Engineers
42:37 Padded Archer Armor
42:38 Imperial Camel Rider
tiedchardshark
4:27 Loom
10:50 Feudal Age
15:51 Castle Age
14:37 Double-Bit Axe
14:37 Horse Collar
16:18 Man-at-Arms
17:08 Long Swordsman
25:28 Squires
29:17 Loom
30:07 Wheelbarrow
29:17 Town Watch
31:42 Bloodlines
31:32 Husbandry
34:29 Imperial Age
32:15 Hand Cart
32:00 Town Patrol
32:11 Gold Mining
32:11 Stone Mining
33:43 Forging
33:39 Scale Barding Armor
33:35 Scale Mail Armor
34:47 Town Patrol
35:29 Heavy Plow
35:41 Bow Saw
36:10 Gold Shaft Mining
36:10 Stone Shaft Mining
35:31 Two-Handed Swordsman
36:21 Arson
36:31 Champion
37:49 Iron Casting
37:31 Chain Mail Armor
37:36 Chain Barding Armor
41:05 Heavy Camel Rider
43:28 Farimba
43:50 Conscription
Levanius
0:27 Loom
12:10 Feudal Age
13:11 Double-Bit Axe
15:43 Castle Age
16:44 Bow Saw
16:48 Horse Collar
22:03 Wheelbarrow
22:55 Heavy Plow
23:49 Hand Cart
23:56 Town Watch
26:31 Gold Mining
30:24 Imperial Age
27:52 Fletching
28:23 Padded Archer Armor
28:56 Bodkin Arrow
29:30 Ballistics
29:54 Leather Archer Armor
30:24 Gold Shaft Mining
29:39 Stone Mining
30:38 Thumb Ring
30:36 Elite Chu Ko Nu
32:37 Chemistry
32:05 Bracer
32:36 Ring Archer Armor
32:27 Conscription
32:40 Heavy Rocket Cart
34:37 Scale Barding Armor
34:43 Forging
34:47 Masonry
34:50 Fortified Wall
35:02 Light Cavalry
35:53 Bloodlines
35:43 Husbandry
36:05 Chain Barding Armor
37:37 Iron Casting
37:58 Plate Barding Armor
39:25 Blast Furnace
42:03 Rocketry
42:44 Cavalier
Onkel Peter
5:33 Loom
11:25 Feudal Age
11:53 Horse Collar
12:02 Double-Bit Axe
17:26 Castle Age
19:50 Bow Saw
28:10 Wheelbarrow
35:56 Imperial Age
33:57 Hand Cart
35:16 Gold Mining
36:25 Husbandry
36:35 Bloodlines
37:41 Conscription
37:25 Heavy Plow
42:24 Elite Ballista Elephant
43:31 Forging
43:22 Scale Mail Armor
43:27 Scale Barding Armor
43:13 Fletching
43:24 Padded Archer Armor
44:40 Ballistics
44:59 Gold Shaft Mining
max
8:31 Loom
10:46 Feudal Age
15:17 Castle Age
14:09 Double-Bit Axe
14:06 Horse Collar
14:43 Stone Mining
17:39 Heavy Plow
19:27 Fletching
19:27 Town Watch
21:46 Bow Saw
25:19 Redemption
31:55 Imperial Age
30:06 Forging
29:57 Scale Mail Armor
30:32 Elite Skirmisher
31:14 Padded Archer Armor
31:10 Bodkin Arrow
33:15 Iron Casting
33:22 Wheelbarrow
34:19 Hand Cart
33:44 Elite Jaguar Warrior
36:01 Garland Wars
40:14 Atlatl
aegilello
2:31 Loom
10:57 Feudal Age
17:07 Castle Age
16:21 Scale Barding Armor
17:24 Wheelbarrow
21:23 Forging
25:55 Scale Mail Armor
26:00 Squires
25:21 Pikeman
30:33 Hand Cart
33:30 Double-Bit Axe
36:18 Murder Holes
39:01 Imperial Age
37:34 Ballistics
Cheblin
10:40 Feudal Age
10:39 Loom
15:44 Castle Age
14:14 Horse Collar
15:38 Double-Bit Axe
21:11 Gold Mining
21:44 Bow Saw
22:08 Redemption
21:59 Town Watch
23:38 Scale Barding Armor
24:00 Sanctity
24:25 Inquisition
24:42 Fervor
25:06 Chain Barding Armor
27:54 Pikeman
32:30 Imperial Age
30:50 Bloodlines
30:44 Husbandry
31:02 Squires
32:47 Scale Mail Armor
33:52 Theocracy
33:42 Illumination
33:33 Block Printing
32:47 Halberdier
34:14 Chain Mail Armor
39:24 Plate Barding Armor
39:05 Heavy Plow
adolfo_jay
11:01 Feudal Age
9:18 Loom
15:00 Castle Age
13:11 Double-Bit Axe
13:09 Horse Collar
16:20 Bow Saw
16:13 Heavy Plow
21:35 Wheelbarrow
22:21 Gold Mining
23:46 Hand Cart
23:18 Town Watch
25:50 Gold Shaft Mining
25:07 Stone Mining
30:25 Imperial Age
29:29 Husbandry
32:28 Chemistry
32:09 Crop Rotation
32:41 Two-Man Saw
32:39 Bloodlines
31:50 Cavalier
33:49 Scale Barding Armor
35:36 Town Patrol
35:59 Chain Barding Armor
35:49 Paladin
38:20 Plate Barding Armor
37:36 Fletching
37:48 Padded Archer Armor
38:23 Parthian Tactics
38:04 Thumb Ring
39:49 Light Cavalry
Connection lost

Rejoining the realm…

Still unreachable

The connection could not be restored.

Session expired

The server has moved on; the page needs a fresh start.